 Dungeon Crawl Stone Soup version 0.19.1-1-g22dce08 (webtiles) character file.

648 Alarkh the Chopper (level 7, 77/78 HPs)
             Began as a Demonspawn Monk on Jan 12, 2017.
             Was a Priest of Trog.
             Quit the game on level 5 of the Dungeon.
             The game lasted 00:07:06 (4501 turns).

Alarkh the Chopper (Demonspawn Monk)                Turns: 4501, Time: 00:07:07

Health: 77/78      AC:  9    Str: 17    XL:     7   Next: 27%
Magic:  7/7        EV: 10    Int: 13    God:    Trog [***...]
Gold:   223        SH:  0    Dex: 15    Spells: 0 memorised, 6 levels left

rFire  . . .     SeeInvis .     r - +0 war axe
rCold  . . .     Gourm    .     e - +0 scale mail
rNeg   . . .     Faith    .     (no shield)
rPois  .         Spirit   .     n - +0 helmet
rElec  .         Reflect  .     (no cloak)
rCorr  .         Harm     .     (no gloves)
MR     +....                    (no boots)
Stlth  ..........               u - amulet of magic regeneration
                                (no ring)
                                p - ring of protection from magic

@: berserking (expiring), very quick
A: talons 1, yellow scales 1, demonic guardian 1, nightstalker 1
a: Berserk, Trog's Hand, Burn Spellbooks, Renounce Religion


You were on level 5 of the Dungeon.
You worshipped Trog.
Trog was most pleased with you.
You were very hungry.

You visited 1 branch of the dungeon, and saw 5 of its levels.

You collected 223 gold pieces.

Inventory:

Hand Weapons
 a - a +0 hand axe
 r - a +0 war axe (weapon)
Missiles
 v - a throwing net (quivered)
Armour
 b - a +0 robe
 e - a +0 scale mail (worn)
 n - a +0 helmet (worn)
Jewellery
 p - a ring of protection from magic (left hand)
 u - an amulet of magic regeneration (around neck)
Scrolls
 f - 4 scrolls of amnesia
 h - a scroll of random uselessness {unknown}
 i - a scroll of magic mapping
 l - a scroll of noise {unknown}
 m - a scroll of teleportation
 o - a scroll of remove curse
 s - a scroll of enchant weapon {unknown}
 w - a scroll of identify {unknown}
Potions
 d - 2 potions of degeneration {unknown}
 j - 2 potions of curing {unknown}
 k - a potion of flight
 q - a potion of might
 t - a potion of ambrosia {unknown}
 x - 2 potions of cancellation {unknown}
 z - a potion of haste {unknown}
Comestibles
 c - 4 bread rations
 g - 4 meat rations


   Skills:
 - Level 3.0 Fighting
 + Level 7.8 Axes
 - Level 2.6 Dodging
 - Level 1.7 Stealth


You had 6 spell levels left.
You didn't know any spells.

Dungeon Overview and Level Annotations

Branches:
Dungeon (5/15)
 Temple: D:4-7

Altars:
Dithmenos
Kikubaaqudgha
Trog
The Shining One


Innate Abilities, Weirdness & Mutations

You have sharp toenails.
You are partially covered in yellow scales. (AC +2)
A weak demonic guardian rushes to your aid.
You are slightly more attuned to the shadows.


Message History

Prince Ribbit blinks!
You feel a strong urge to attack something.
Prince Ribbit lets out a mournful croak.
You closely miss Prince Ribbit.
You are feeling very hungry.
You slice Prince Ribbit!!
Prince Ribbit is heavily wounded.
Prince Ribbit barely misses you.
Your quasit barely misses Prince Ribbit. x2
Your quasit misses Prince Ribbit. Prince Ribbit hits you.
You slash Prince Ribbit!
Prince Ribbit is almost dead.
Your quasit bites Prince Ribbit.
Your quasit claws Prince Ribbit.
Prince Ribbit dies!
Trog accepts your kill.
Trog appreciates your killing of a magic user.
You have reached level 7!
Your demonic ancestry asserts itself...
Your toenails lengthen and sharpen.
Are you sure you want to abandon this character and quit the game? (Confirm with "yes".)

# #. #
#.########
#.#........#
#.#.?......#
#..........#
####....@5...#
.....>.........
#######.......##
......<)......#
..............#
########.######
.(# ###


You could see a friendly quasit.

Vanquished Creatures
  A big kobold (D:4)
  A howler monkey (D:4)
  2 hounds (D:4)
  An orc wizard (D:4)
  A bullfrog skeleton (D:4)
  Natasha (D:3)
  An iguana (D:4)
  2 worker ants (D:4)
  Robin (D:2)
  2 adders
  3 worms (D:2)
  2 dart slugs
  2 leopard geckos (D:1)
  9 orcs
  A ball python (D:2)
  5 giant cockroaches
  16 goblins
  9 hobgoblins
  16 jackals
  4 quokkas
  8 bats
  2 frilled lizards
  12 kobolds
  9 rats
111 creatures vanquished.

Vanquished Creatures (collateral kills)
  Prince Ribbit (D:5)
  An orc wizard (D:4)
2 creatures vanquished.

Grand Total: 113 creatures vanquished

Notes
Turn   | Place    | Note
-------+----------+-------------------------------------------
     0 | D:1      | Alarkh the Demonspawn Monk began the quest for the Orb.
     0 | D:1      | Reached XP level 1. HP: 18/18 MP: 1/1
    36 | D:1      | Reached skill level 3 in Axes
   272 | D:1      | Gained mutation: A weak demonic guardian rushes to your aid. [demonic ancestry]
   272 | D:1      | Reached XP level 2. HP: 23/24 MP: 2/2
   820 | D:2      | Noticed Robin
   829 | D:1      | Reached XP level 3. HP: 14/29 MP: 3/3
  1106 | D:2      | Reached skill level 4 in Axes
  1414 | D:2      | Killed Robin
  1414 | D:2      | Reached XP level 4. HP: 12/35 MP: 4/4
  1634 | D:2      | Noticed a moth of wrath
  1637 | D:2      | Found a bloodstained altar of Trog.
  2179 | D:2      | Became a worshipper of Trog the Wrathful
  2179 | D:2      | Reached * piety under Trog
  2179 | D:2      | Reached ** piety under Trog
  2417 | D:2      | Found a glowing golden altar of the Shining One.
  2648 | D:3      | Found an ancient bone altar of Kikubaaqudgha.
  2736 | D:3      | Reached skill level 5 in Axes
  3286 | D:3      | Noticed Natasha
  3292 | D:3      | Killed Natasha
  3292 | D:3      | Gained mutation: You are partially covered in yellow scales. (AC +2) [demonic ancestry]
  3292 | D:3      | Reached XP level 5. HP: 29/41 MP: 5/5
  3551 | D:4      | Found a shadowy altar of Dithmenos.
  3901 | D:4      | Reached skill level 6 in Axes
  3910 | D:4      | Gained mutation: You are slightly more attuned to the shadows. [demonic ancestry]
  3910 | D:4      | Reached XP level 6. HP: 34/47 MP: 6/6
  3951 | D:4      | Reached *** piety under Trog
  4337 | D:4      | Reached skill level 7 in Axes
  4493 | D:5      | Entered Level 5 of the Dungeon
  4493 | D:5      | Noticed Prince Ribbit
  4500 | D:5      | Killed Prince Ribbit
  4500 | D:5      | Gained mutation: You have sharp toenails. [demonic ancestry]
  4500 | D:5      | Reached XP level 7. HP: 52/52 MP: 7/7
  4501 | D:5      | Quit the game

Skill      XL: |  1  2  3  4  5  6 |
---------------+-------------------+-----
Axes           | 3 4 5 6 7 |  7.8
Fighting       | |  3.0
Dodging        | |  2.6
Stealth        | |  1.7

Action                   |  1- 3 |  4- 6 |  7- 9 || total
-------------------------+-------+-------+-------++-------
Melee: Hand axe          |   153 |   176 |       ||   329
       War axe           |       |    81 |       ||    81
Invok: Berserk           |       |     4 |       ||     4
  Use: Scroll            |     2 |     2 |       ||     4
       Potion            |     2 |       |       ||     2
  Eat: Chunk             |     2 |    11 |       ||    13
       Pizza             |       |     1 |       ||     1
Armor: Robe              |     7 |       |       ||     7
       Scale mail        |    80 |   110 |       ||   190
Dodge: Dodged            |   111 |   138 |       ||   249
